 Dungeon Crawl Stone Soup version 0.31-a0-604-g8e0283293c (webtiles) character file.

Game seed: 2173915040692709653

1597476 MackTheKnife the Hand of Fortune (level 26, 218/222 HPs)
             Began as a Merfolk Gladiator on Aug 21, 2023.
             Was the Champion of Nemelex Xobeh.
             Escaped with the Orb
             ... and 3 runes!
             The game lasted 02:55:46 (70738 turns).

MackTheKnife the Hand of Fortune (MfGl)            Turns: 70738, Time: 02:55:46

Health: 218/222    AC: 35    Str: 20    XL:     26   Next: 3%
Magic:  13/13      EV: 12    Int:  7    God:    Nemelex Xobeh [******]
Gold:   4321       SH: 19    Dex: 24    Spells: 25/25 levels left

rFire   + + .        a - +9 broad axe of Biecyim {antimagic, rF+ rN+ Stlth-, axe}
rCold   + . .        U - +4 kite shield {AC+3}
rNeg    + . .        V - +1 gold dragon scales {rare}
rPois   +            h - +2 helmet
rElec   .            D - +2 cloak {Will+}
rCorr   +            t - +2 pair of gloves {Stlth+}
SInv    +            S - +2 pair of boots {Stlth+}
Will    +++..        H - amulet "Notzev" {Spirit rCorr} Stlth
                     n - ring of willpower
HPRegen 0.57/turn    c - ring of see invisible
MPRegen 0.13/turn

%: guardian spirit
@: studying 2 skills
A: (nimble swimmer 2), mertail, agile 1, deterioration 1, wild magic 1
0: Orb of Zot
}: 3/15 runes: serpentine, barnacled, silver
a: Renounce Religion, Draw Escape, Draw Destruction, Draw Summoning, Draw Stack,
Triple Draw, Deal Four, Stack Five


You escaped.
You worshipped Nemelex Xobeh.
Nemelex Xobeh was exalted by your worship.
You visited 10 branches of the dungeon, and saw 48 of its levels.
You visited 1 bazaar.
You also visited: Bailey, Volcano and Wizlab.

You collected 7418 gold pieces.
You spent 3097 gold pieces at shops.


Innate Abilities, Weirdness & Mutations

((You are very nimble when in or above water. (Stealth+, EV+, Speed+++)))
Your lower body shifts to a powerful aquatic tail in water.
You are agile. (Dex +4, Str/Int -1)
Your body sometimes deteriorates upon taking damage.
Your spells are a little harder to cast, but a little more powerful.


   Skills:
 + Level 21.1 Fighting
 - Level 16.8(18.0) Axes
 - Level 16.0(22.2) Polearms
 - Level 2.0 Throwing
 - Level 10.0 Armour
 - Level 20.0 Dodging
 - Level 10.0 Stealth
 - Level 15.0 Shields
 - Level 25.0 Invocations
 - Level 10.0 Evocations


You had 25 spell levels left.
You didn't know any spells.
Your spell library contained the following spells:

 Spells                   Type           Power      Damage    Failure   Level
 Apportation              Tloc           0%         N/A       100%        1
 Foxfire                  Conj/Fire      0%         2x1d4     100%        1
 Necrotise                Necr           0%         1d4       100%        1
 Slow                     Hex            0%         N/A       100%        1
 Summon Small Mammal      Summ           0%         N/A       100%        1
 Blink                    Tloc           0%         N/A       100%        2
 Scorch                   Fire           0%         2d5       100%        2
 Sublimation of Blood     Necr           0%         N/A       100%        2
 Call Canine Familiar     Summ           0%         N/A       100%        3
 Confusing Touch          Hex            0%         N/A       100%        3
 Dazzling Flash           Conj/Hex       0%         N/A       100%        3
 Frozen Ramparts          Ice            0%         1d1       100%        3
 Gell's Gravitas          Tloc           0%         N/A       100%        3
 Hailstorm                Conj/Ice       0%         3d3       100%        3
 Inner Flame              Hex/Fire       0%         N/A       100%        3
 Stone Arrow              Conj/Erth      0%         3d7       100%        3
 Summon Guardian Golem    Hex/Summ       0%         N/A       100%        3
 Teleport Other           Tloc           0%         N/A       100%        3
 Vampiric Draining        Necr           0%         2d6       100%        3
 Vhi's Electric Charge    Tloc/Air       0%         N/A       100%        3
 Volatile Blastmotes      Fire/Tloc      0%         2d10      100%        3
 Animate Armour           Summ/Erth      0%         N/A       100%        4
 Animate Dead             Necr           0%         N/A       100%        4
 Flame Wave               Conj/Fire      0%         2d4       100%        4
 Manifold Assault         Tloc           0%         N/A       100%        4
 Passage of Golubria      Tloc           0%         N/A       100%        4
 Petrify                  Tmut/Erth      0%         N/A       100%        4
 Sticky Flame             Conj/Fire      0%         2d3       100%        4
 Summon Ice Beast         Ice/Summ       0%         N/A       100%        4
 Arcjolt                  Conj/Air       0%         1d10      100%        5
 Borgnjor's Vile Clutch   Necr/Erth      0%         N/A       100%        5
 Fireball                 Conj/Fire      0%         3d3       100%        5
 Irradiate                Conj/Tmut      0%         3d11      100%        5
 Iskenderun's Battlesphe  Conj           0%         2d6       100%        5
 Metabolic Englaciation   Hex/Ice        0%         N/A       100%        5
 Silence                  Hex/Air        0%         N/A       100%        5
 Summon Forest            Summ/Tloc      0%         N/A       100%        5
 Summon Mana Viper        Hex/Summ       0%         N/A       100%        5
 Conjure Ball Lightning   Conj/Air       0%         3x3d6     100%        6
 Death Channel            Necr           0%         N/A       100%        6
 Dispersal                Tloc           0%         N/A       100%        6
 Eringya's Noxious Bog    Tmut/Pois      0%         4d6       100%        6
 Plasma Beam              Fire/Air       0%         2x1d10    100%        6
 Simulacrum               Ice/Necr       0%         N/A       100%        6
 Starburst                Conj/Fire      0%         6d3       100%        6
 Summon Cactus Giant      Summ           0%         N/A       100%        6
 Haunt                    Necr/Summ      0%         N/A       100%        7
 Malign Gateway           Summ/Tloc      0%         N/A       100%        7
 Orb of Destruction       Conj           0%         9d5       100%        7
 Ozocubu's Refrigeration  Ice            0%         4d7       100%        7
 Summon Hydra             Summ           0%         N/A       100%        7
 Borgnjor's Revivificati  Necr           0%         N/A       100%        8
 Discord                  Hex            0%         N/A       100%        8
 Disjunction              Tloc           0%         N/A       100%        8
 Lehudib's Crystal Spear  Conj/Erth      0%         10d2      100%        8
 Summon Horrible Things   Summ           0%         N/A       100%        8
 Death's Door             Necr           0%         N/A       100%        9
 Polar Vortex             Ice            0%         N/A       100%        9

Inventory:

Hand Weapons
 a - the +9 broad axe of Biecyim (weapon) {antimagic, rF+ rN+ Stlth-, axe}
   (You found it on level 1 of the Elven Halls)

   rF+:       It protects you from fire.
   rN+:       It protects you from negative energy.
   Stlth-:    It makes you less stealthy.
 b - the +8 broad axe of Hepliaklqana, Loving {drain, rF+ rN+, axe}
   (You bought it in a shop in a bazaar)

   rF+:       It protects you from fire.
   rN+:       It protects you from negative energy.
Armour
 h - a +2 helmet (worn)
   (You found it on level 1 of the Dungeon)
 t - a +2 pair of gloves of stealth (worn)
   (You found it on level 3 of the Snake Pit)
 D - a +2 cloak of willpower (worn)
   (You found it on level 14 of the Dungeon)
 S - a +2 pair of boots of stealth (worn)
   (You found it on level 9 of the Dungeon)
 U - a +4 kite shield of protection (worn)
   (You took it off a tengu warrior on level 11 of the Dungeon)
 V - +1 gold dragon scales (worn) {rare}
   (You found it on level 4 of the Realm of Zot)
Jewellery
 c - a ring of see invisible (right hand)
   (You found it on level 7 of the Dungeon)
 n - a ring of willpower (left hand)
   (You found it on level 3 of the Depths)
 p - a +5 ring of evasion
   (You found it on level 5 of the Dungeon)
 x - a ring of protection from fire
   (You found it on level 13 of the Dungeon)
 H - the amulet "Notzev" (around neck) {Spirit rCorr}
   (You found it on level 9 of the Dungeon)

   [amulet of guardian spirit]

   Spirit:    It causes incoming damage to be divided between your reserves of
   health and magic.
   rCorr:     It protects you from acid and corrosion.
 N - a ring of poison resistance
   (You found it on level 4 of the Lair of Beasts)
 O - the ring "Dinab" {Fly Int+6 Dex+2}
   (You found it on level 2 of the Depths)

   [ring of intelligence]

   Int+6:     It affects your intelligence (+6).
   Dex+2:     It affects your dexterity (+2).
   Fly:       It grants you flight.
 X - a +6 ring of strength
   (You found it on level 3 of the Dungeon)
Wands
 e - a wand of acid (9)
   (You found it on level 14 of the Dungeon)
 w - a wand of paralysis (21)
   (You found it on level 4 of the Shoals)
 C - a wand of roots (41)
   (You found it on level 1 of the Lair of Beasts)
 P - a wand of mindburst (33)
   (You found it on level 1 of the Vaults)
 R - a wand of polymorph (20)
   (You found it on level 15 of the Dungeon)
 T - a wand of flame (77)
   (You found it on level 12 of the Dungeon)
 Y - a wand of digging (10)
   (You found it on level 13 of the Dungeon)
Scrolls
 d - 2 scrolls of torment {!r}
 f - 4 scrolls of blinking {!r}
 i - 3 scrolls of fear
 l - 3 scrolls of vulnerability {!r!r}
 q - 7 scrolls of poison {!r}
 v - 6 scrolls of enchant weapon
 y - a scroll of butterflies
 z - 4 scrolls of immolation {!r!r}
 B - 14 scrolls of teleportation {@r4}
 L - 3 scrolls of silence {!r}
 Q - a scroll of revelation
Potions
 k - 11 potions of heal wounds {@q2}
 m - 5 potions of haste {@q3}
 o - a potion of magic
 u - 5 potions of attraction {!q}
 A - 2 potions of berserk rage {!q}
 E - 7 potions of mutation {!q}
 F - a potion of might
 G - 2 potions of resistance
 I - 8 potions of curing {@q1}
 K - a potion of cancellation
 M - 2 potions of invisibility
 W - 5 potions of enlightenment
Miscellaneous
 j - a condenser vane
   (You bought it in a shop on level 1 of the Shoals)
 s - a phantom mirror
   (You bought it in a shop on level 1 of the Shoals)

Dungeon Overview and Level Annotations

Branches:
Dungeon (15/15)            Temple (1/1) D:7            Lair (5/5) D:9
 Shoals (4/4) Lair:3        Snake (4/4) Lair:2        Slime (0/5) Lair:5
    Orc (2/2) D:11            Elf (3/3) Orc:2        Vaults (5/5) D:14
  Crypt (0/3) Vaults:2     Depths (4/4) D:15            Zot (5/5) Depths:4
 Bailey (visited)         Volcano (visited)          WizLab (visited)

Altars:
Ashenzari
Cheibriados
Dithmenos
Elyvilon
Fedhas
Gozag
Hepliaklqana
Kikubaaqudgha
Makhleb
Nemelex Xobeh
Okawaru
Qazlal
Ru
Sif Muna
Trog
Uskayaw
Vehumet
Wu Jian
Xom
Yredelemnul
Zin
The Shining One
Jiyva

Shops:
D:12 *   D:15 *   Orc:2 *=([   Elf:3 :([   Shoals:1 *   Snake:2 =   Vaults:1 :
Vaults:2 (   Vaults:4 *   Vaults:5 (!!:   Depths:1 (::=

Portals:
Hell: Depths:1 Depths:2 Depths:3 Depths:4
Abyss: Depths:1 Depths:3 Depths:4
Pandemonium: Depths:2
Ziggurat: Depths:2

Annotations:
D:1 Pikel
D:8 3 runed translucent doors, exclusion: 2 skeletal warriors, eelars's ghost, novice DESu
D:9 1 runed translucent door
D:14 exclusion: downstairs
Lair:4 exclusion: upstairs
Shoals:1 3 runed translucent doors, Yjinump's ghost, journeyman MfMo
Shoals:3 Mara
Snake:3 2 transporters, exclusion: obsidian statue
Orc:1 1 runed translucent door, Cinolulu's ghost, journeyman DEIE
Elf:2 3 runed translucent doors
Zot:1 exclusions: draconian annihilator, draconian knight, draconian scorcher and green draconian
Zot:5 exclusion: 2 upstairs

...## #...################.### #
...# #.#.#......'.......#...###
...# #.#.#.############.#.....#
...# #.#...#....'.....#.#.#....
#### #.#.#.#.########.#.#.#.#(#
#.#.#...#..'...#.#.#(#.#).
#...#.#.#..###.#.#.#.#.###
#'#'#'#'.'##>#.#.#.#.#.#.# ###
#.#.#.#.#@##)#'#'#'#.#.#.. ..#
#.#.#.#.##K#..............
..######.#.#.#...'..#.#.#.#.#..##
..'....#.#.#.########.#.#.#.#..#.
..####.#.#.#.....'....#.#.#.#..##
..####.#.#.############.#.#.#..##
..#..#.#.#.......'......#.#.#..##
###..#.#.################.#.#..#.
.....#.#.........'........#.#..#.


You could see Pikel.


Message History

The lemure shouts!
You hear a shout! x2 😕 HP[+3]
You regained 3 hp, and now have 218/222 hp.
Unknown command.
Unknown command.
Pikel shouts!
The lemure shouts! x2
A hellion comes into view. 😕 HP[+1]
The hellion moves out of view.
Unknown command.
Unknown command.
The lemure attacks as it pursues you! The lemure hits you but does no damage.
You block the lemure's attack. 😕 HP[+1] Unknown command.
You feel yourself slow down. 😕 HP[+1] Unknown command. 😎 HP[+1]
Your hp is fully restored (222).
Unknown command.
There is a stone staircase leading up here.
You closely miss the lemure. You slash the lemure!
The lemure closely misses you.
You slash the lemure! You closely miss the lemure.
A hell beast comes into view.
You slice the lemure!!
You kill the lemure!
That felt strangely unrewarding.
You slash the lemure! x2
You block the lemure's attack. x2
You block Pikel's attack. You block the lemure's attack. x2
You climb upwards.
There is a stone staircase leading down here.
Unknown command.
Unknown command.
You block the lemure's attack. The lemure attacks as it pursues you!
You block the lemure's attack.
Aiming: Dig
Press: ? - help, Shift-Dir - straight line A rock wall.
This square is covered in magical glow.
The rock shatters into small pieces.
Pikel hits you with a +1 whip of freezing. 😕 HP[-2] MP[-1]
You take 2 damage, and now have 220/222 hp.
You lost 1 mp, and now have 12/13 mp. 😕 HP[+1] 😎 HP[+1]
Your hp is fully restored (222).
Pikel attacks as he pursues you! You block Pikel's attack.
There is an escape hatch in the ceiling here. 😎 MP[+1]
Your mp is fully restored (13).
Pikel hits you but does no damage. A mysterious force pulls you upwards.
The hatch slams shut behind you.
Unknown command.
Pikel attacks as he pursues you! You block Pikel's attack.
Pikel attacks as he pursues you! Pikel hits you but does no damage.
You block Pikel's attack. Pikel attacks as he pursues you!
You block Pikel's attack.
There is an escape hatch in the ceiling here.
You block Pikel's attack. A mysterious force pulls you upwards.
The hatch slams shut behind you.
Pikel is nearby!
Pikel attacks as he pursues you! Pikel closely misses you.
Pikel is nearby!
Pikel is nearby!
Pikel attacks as he pursues you! You block Pikel's attack.
Pikel attacks as he pursues you! You block Pikel's attack.
Pikel attacks as he pursues you! You block Pikel's attack.
You see here a +0 short sword {short}.
Pikel attacks as he pursues you! You block Pikel's attack.
Aiming: Dig
Press: ? - help, Shift-Dir - straight line A rock wall.
This square is covered in magical glow.
The rock shatters into small pieces.
You block Pikel's attack. Pikel attacks as he pursues you!
Pikel hits you with a +1 whip of freezing. 😕 HP[-3]
You take 3 damage, and now have 219/222 hp. 😕 HP[+1] Pikel attacks as he pursues you!
You block Pikel's attack. 😕 HP[+1] Pikel attacks as he pursues you!
You block Pikel's attack. 😎 HP[+1]
Your hp is fully restored (222).
Aiming: Dig
Press: ? - help, Shift-Dir - straight line A rock wall.
This square is covered in magical glow.
The rock shatters into small pieces.
Pikel attacks as he pursues you!
Pikel hits you with a +1 whip of freezing.
There is a staircase leading out of the dungeon here. 😕 HP[-4]
You take 4 damage, and now have 218/222 hp.
You block Pikel's attack.
You have escaped!

Skill      XL: |  1  2  3  4  5  6  7  8  9 10 11 12 13 14 15 16 17 18 19 20 21 22 23 24 25 26 |
---------------+-------------------------------------------------------------------------------+-----
Stealth        | 1 2 3 6 10 | 10.0
Polearms       | 5 6 7 10 12 14 15 16 | 16.0
Dodging        | 5 6 7 9 11 14 16 17 20 | 20.0
Fighting       | 5 8 10 13 14 16 18 20 21 | 21.1
Armour         | 4 5 6 8 10 | 10.0
Invocations    | 10 12 18 20 23 25 | 25.0
Evocations     | 6 10 | 10.0
Axes           | 4 10 11 15 16 | 16.8
Shields        | 10 12 15 | 15.0
Throwing       | |  2.0

Action                     |  1- 3 |  4- 6 |  7- 9 | 10-12 | 13-15 | 16-18 | 19-21 | 22-24 | 25-27 || total
---------------------------+-------+-------+-------+-------+-------+-------+-------+-------+-------++-------
  Melee: Trident           |    95 |   179 |   163 |       |       |       |       |       |       ||   437
         Punch             |       |     1 |     1 |     1 |       |       |       |       |       ||     3
         Unarmed           |       |     5 |     7 |    17 |    11 |       |       |       |       ||    40
         Halberd           |       |       |   203 |   656 |  1395 |    27 |       |       |       ||  2281
         Tailslap          |       |       |       |     1 |    19 |    90 |    17 |     4 |       ||   131
         Broad axe         |       |       |       |       |       |  1249 |  1651 |  1967 |   731 ||  5598
  Throw: Dart              |     2 |     8 |    24 |    38 |    49 |       |       |       |       ||   121
         Throwing net      |       |     2 |     4 |     1 |       |       |       |       |       ||     7
         Javelin           |       |     1 |    17 |     6 |       |       |       |       |       ||    24
 Invoke: Draw Destruction  |       |       |       |       |    16 |    11 |    17 |    16 |    10 ||    70
         Draw Summoning    |       |       |       |       |     3 |     1 |     6 |    22 |     6 ||    38
         Deal Four         |       |       |       |       |       |     5 |       |     7 |       ||    12
         Stack Five        |       |       |       |       |       |     1 |       |       |       ||     1
         Draw Stack        |       |       |       |       |       |     1 |       |       |       ||     1
  Evoke: Wand              |       |       |     8 |     6 |     5 |     4 |       |     9 |    15 ||    47
         Condenser vane    |       |       |       |       |       |     2 |       |     1 |     1 ||     4
         Phantom mirror    |       |       |       |       |       |     2 |       |       |     1 ||     3
    Use: Scroll            |       |     5 |     2 |    10 |    14 |     8 |     4 |    27 |    17 ||    87
         Potion            |       |     1 |     2 |     1 |     2 |     4 |     1 |    23 |    13 ||    47
   Stab: Sleeping          |     5 |     9 |     6 |     8 |    11 |     6 |    21 |    11 |     3 ||    80
         Distracted        |       |     1 |     3 |     2 |    10 |     4 |     3 |    16 |     4 ||    43
         Held in net/web   |       |       |     3 |     3 |       |       |       |       |       ||     6
         Paralysed         |       |       |     2 |     3 |       |       |       |     1 |       ||     6
         Petrified         |       |       |       |       |       |     4 |     6 |    22 |       ||    32
         Petrifying        |       |       |       |       |       |     1 |     1 |     1 |       ||     3
         Confused          |       |       |       |       |       |       |       |     3 |       ||     3
 Armour: Leather armour    |    16 |     8 |       |       |       |       |       |       |       ||    24
         Ring mail         |       |    32 |    47 |    58 |    13 |   211 |   203 |   300 |    82 ||   946
         Skin              |       |     1 |     7 |    18 |    22 |       |       |       |       ||    48
         Scale mail        |       |       |       |       |   165 |     2 |       |       |       ||   167
         Gold dragon scale |       |       |       |       |       |       |       |       |   148 ||   148
  Dodge: Dodged            |    44 |    79 |   154 |   416 |   965 |  1143 |  1049 |  1136 |   275 ||  5261
         Repelled          |       |       |       |     3 |    10 |       |       |       |       ||    13
  Block: Kite shield       |       |       |       |       |       |  1069 |  1051 |  1318 |   503 ||  3941

Levels and vault maps discovered:
D:1:      minmay_arrival_widening_spiral_narrow, layout_basic,
          minmay_three_crescents
D:2:      layout_basic, chequers_serial_rivers_large_a, nicolae_eternal_life
D:3:      layout_basic, uniq_sigmund
D:4:      layout_rooms, lemuel_round_altar, uniq_pikel
D:5:      lemuel_ice_spiral_2, layout_basic, mainiacjoe_overflow_alcove_4,
          nicolae_tso_swordbearing_angel, uniq_edmund
D:6:      layout_gridville, mainiacjoe_overflow_cross_hatched,
          minmay_misc_feat_hallway, uniq_eustachio, uniq_grinder
D:7:      minmay_slanted_spiral_squares, layout_basic,
          minmay_temple_entry_overgrown, uniq_prince_ribbit1
D:8:      layout_loops_corners, amcnicky_altar_gilded, gammafunk_ghost_spectres
D:9:      layout_irregular_city, dk_yredelemnul_ordeal, minmay_lair_entry_grove,
          minmay_hollow_rounded_squares
D:10:     layout_cave_pools, makhleb_altar_promises_db,
          amethyst_overflow_temple_binary, lemuel_crystal_altar, enter_bailey_2,
          hangedman_ranch
D:11:     layout_loops_ring, minmay_orc_entry_temple_small, serial_bayou,
          serial_bayou_pond_b, serial_bayou_lagoon_a, serial_bayou_pond_b,
          serial_bayou_pond_b
D:12:     layout_cross, serial_shops, bzr_entry_lakeside, minivault_20,
          nicolae_shop_overcharged_wands
D:13:     layout_basic
D:14:     layout_basic, grunt_vaults_entry_tiered, lemuel_another_geyser,
          uniq_nessos
D:15:     grunt_enter_depths_hoard, layout_basic,
          chequers_hall_statues_corner_a, nicolae_shop_clearance, uniq_louise,
          uniq_jorgrun, uniq_roxanne, uniq_rupert
Temple:   hc_temple_tempest_star
Lair:1:   layout_regular_city
Lair:2:   layout_hall_layers, nicolae_snake_entry_squirm,
          nicolae_quartered_pool_super, serial_bayou_crossing
Lair:3:   layout_regular_city, elwin_shoals_entry_rooms, serial_bayou_lagoon_b,
          serial_bayou_shore_a, lemuel_fruit_tree
Lair:4:   layout_hall_layers, nicolae_volcano_entry_lava_flow,
          grunt_megastairs_3
Lair:5:   grunt_lair_end_beastmaster, layout_loops_ring,
          nicolae_slime_entry_field_trip
Shoals:1: layout_shoals, gammafunk_ghost_necromancy, nicolae_shop_gadgets,
          uniq_josephine
Shoals:2: layout_shoals, uniq_ilsuiw
Shoals:3: layout_shoals, argonaut_gorgonesque, uniq_mara
Shoals:4: shoals_end_simple, layout_shoals, lemuel_altar_in_water,
          nicolae_shoals_dead_sea_scrolls, uniq_mlioglotl
Snake:1:  layout_rooms, nicolae_snake_flat_spine, nicolae_snake_shapes,
          uniq_nikola
Snake:2:  layout_onion, minmay_shop_grid_forest
Snake:3:  gammafunk_sealed_arena, layout_onion_interference, uniq_aizul
Snake:4:  hellmonk_snake_rune_quicksilver_temple, layout_rooms,
          grunt_megastairs_1
Orc:1:    layout_caves, serial_shops, ebering_ghost_reflecting_pool
Orc:2:    grunt_orc_gardens, layout_caves, grunt_orc_garden, grunt_orc_garden,
          grunt_orc_garden, grunt_orc_garden, minmay_orc_keep
Elf:1:    eino_elf_arrival_customs, layout_gridlike, minmay_elf_annihilation,
          grunt_megastairs_4
Elf:2:    nicolae_elf_blades_crystal_corner, layout_loops_corners,
          minmay_elf_demonology
Elf:3:    minmay_elf_hall_statues, layout_geoelf_castle, mu_enter_wizlab_5,
          minmay_shop_star
Vaults:1: hangedman_vaults_stretched_pinwheel, nicolae_vaults_diamond_2,
          v_misc_22, nicolae_vaults_offset_grid_hallway_4,
          hangedman_vaults_unwind, vaults_standard_mumra_enter_the_diamond,
          hangedman_vaults_stream, vaults_room_grunt_arrival_ludios,
          nicolae_vaults_alarming, nicolae_vaults_ninety_degrees,
          nicolae_vaults_trapezoid_4, nicolae_vaults_octothorpe,
          layout_vaults_maze, serial_shops, nicolae_book_shop_shelving
Vaults:2: v_misc_31, nicolae_vaults_diamond_1,
          nicolae_vaults_variable_pillar_hall, ontoclasm_vaults_fault,
          nicolae_vaults_diamond_1, minmay_crypt_entry_simple_sparse, v_misc_10,
          nicolae_vaults_little_squares_1, ontoclasm_vaults_ring_small,
          nicolae_vaults_storage_room_water, nicolae_vaults_mini_display_case,
          layout_vaults_omnigrid, serial_shops, nicolae_shop_statue_plus
Vaults:3: hangedman_vaults_slice, grunt_vaults_focal,
          ontoclasm_vaults_claustrophobia, v_misc_26, hangedman_vaults_cutoff,
          hangedman_vaults_maws, v_misc_28, grunt_vaults_trifunnel,
          layout_vaults_ring
Vaults:4: nicolae_vaults_big_angled_halls, hangedman_vaults_slither, v_rooms_2,
          st_cells, v_pattern_5, dpeg_vaults_monster_box, vaults_room_pools,
          v_alt_pattern_3, ontoclasm_vaults_bender, layout_vaults_chaotic_city,
          serial_shops, shop
Vaults:5: serial_shops
Depths:1: layout_basic, abyss_entry, serial_shops, shop, hell_entry,
          nzn_hepliaklqana_mist_gate, kennysheep_generic_room_16,
          minmay_shop_grove, uniq_norris
Depths:2: hangedman_crystal_crosses_colossus [crystal_crosses_arms_four,
          crystal_crosses_arms_four, crystal_crosses_arms_one,
          crystal_crosses_arms_one], serial_shops, hell_entry, pan_entry,
          uniq_saint_roka, uniq_josephina
Depths:3: minmay_shoctagon, layout_cave_pools, pf_hell_entry_great_geh,
          wad_floor_pattern_untrapped, abyss_entry_glasseish,
          serial_sigils_hangedman_leer, nicolae_kikubaaqudgha_miasma_corner
Depths:4: grunt_x_marks_the_spot, layout_gridville, hangedman_abyss_entry_splay,
          serial_bayou, serial_bayou_pond_a, serial_bayou_pond_c,
          serial_bayou_pond_a, serial_bayou_pond_a, patterned_corridor,
          hell_entry
Zot:1:    layout_onion_interference
Zot:2:    layout_misc_corridors, gammafunk_ghost_abyssal_escape, lemuel_elevator
Zot:3:    layout_gridlike, grunt_ministairs_5
Zot:4:    layout_concentric_octagons, grunt_ministairs_10, uniq_vv
Zot:5:    layout_gridlike

Notes
Turn   | Place    | Note
-------+----------+-------------------------------------------
     0 | D:1      | MackTheKnife the Merfolk Gladiator began the quest for the
                  | Orb.
     0 | D:1      | Reached XP level 1. HP: 16/16 MP: 1/1
     0 | D:1      | magus.rc [v1.9.6]
   313 | D:1      | Reached skill level 1 in Stealth
   313 | D:1      | Reached XP level 2. HP: 22/22 MP: 2/2
   631 | D:1      | Reached skill level 2 in Stealth
   720 | D:1      | Reached XP level 3. HP: 26/27 MP: 3/3
   790 | D:1      | Reached skill level 3 in Stealth
  1464 | D:1      | Reached XP level 4. HP: 33/33 MP: 4/4
  1711 | D:1      | Reached skill level 5 in Polearms
  1711 | D:1      | Reached skill level 5 in Dodging
  1781 | D:2      | You pick up a book of Alchemy and begin reading...
  1781 | D:2      | You add the spells Sublimation of Blood, Petrify and
                  | Irradiate to your library.
  2219 | D:2      | Reached XP level 5. HP: 38/38 MP: 5/5
  2611 | D:3      | Reached skill level 6 in Polearms
  2709 | D:3      | Reached skill level 6 in Dodging
  3088 | D:3      | Noticed Sigmund
  3305 | D:4      | Reached XP level 6. HP: 40/44 MP: 6/6
  3527 | D:4      | Noticed a black bear
  3542 | D:4      | HP: 5/44 [white imp/puff of frost (10)]
  3867 | D:4      | Noticed Pikel
  3934 | D:4      | Found a glowing silver altar of Zin.
  3939 | D:3      | magus.rc [v1.9.6]
  3958 | D:3      | Killed Sigmund
  3959 | D:3      | Reached skill level 7 in Polearms
  3959 | D:3      | Reached skill level 7 in Dodging
  4211 | D:4      | Identified the +1 ring mail "Soetel" {-Cast Harm rPois}
  4285 | D:4      | Reached XP level 7. HP: 41/50 MP: 7/7
  4573 | D:4      | Reached skill level 8 in Polearms
  4720 | D:5      | Entered Level 5 of the Dungeon
  5015 | D:5      | Noticed Edmund
  5158 | D:5      | Reached skill level 9 in Polearms
  5506 | D:5      | Reached skill level 10 in Polearms
  5506 | D:5      | Reached XP level 8. HP: 32/56 MP: 8/8
  5849 | D:5      | Killed Edmund
  5863 | D:5      | Reached skill level 11 in Polearms
  5863 | D:5      | Found an ancient bone altar of Kikubaaqudgha.
  6351 | D:5      | Reached skill level 12 in Polearms
  6527 | D:5      | Found a glowing golden altar of the Shining One.
  6625 | D:6      | Noticed Grinder
  6734 | D:6      | Found a hazy altar of Hepliaklqana.
  6997 | D:6      | Reached XP level 9. HP: 51/62 MP: 9/9
  7044 | D:6      | Reached skill level 3 in Fighting
  7173 | D:6      | Killed Grinder
  7174 | D:6      | Reached skill level 13 in Polearms
  7174 | D:6      | Reached skill level 8 in Dodging
  7230 | D:6      | Identified the +1 robe of the Last Nights {*Slow Will+++
                  | Dex-5 Archmagi}
  7244 | D:6      | Noticed Eustachio
  7267 | D:6      | Killed Eustachio
  7291 | D:6      | Reached skill level 4 in Fighting
  7704 | D:7      | Reached skill level 9 in Dodging
  7752 | D:7      | Reached skill level 5 in Fighting
  7809 | D:7      | Noticed Prince Ribbit
  7834 | D:7      | Killed Prince Ribbit
  8134 | D:7      | Reached skill level 14 in Polearms
  8154 | D:7      | Reached XP level 10. HP: 73/76 MP: 10/10
  8302 | D:7      | Reached skill level 6 in Fighting
  8445 | D:7      | Found a staircase to the Ecumenical Temple.
  8454 | Temple   | Entered the Ecumenical Temple
  8677 | D:7      | Reached skill level 10 in Dodging
  8682 | D:7      | Noticed a cyclops
  8737 | D:7      | Killed a cyclops
  9238 | D:8      | Reached skill level 7 in Fighting
  9345 | D:8      | Noticed a skeletal warrior
  9345 | D:8      | Noticed a skeletal warrior
  9566 | D:8      | Found a hide-covered altar of Uskayaw.
 10009 | D:8      | Noticed eelars's ghost (novice DESu)
 10011 | D:8      | Found a runed translucent gate.
 10011 | D:8      | Found a runed translucent gate.
 10011 | D:8      | Found a runed translucent gate.
 10189 | D:9      | Found a large runed translucent door.
 10190 | D:9      | Found a large runed translucent door.
 10200 | D:9      | Noticed a boulder beetle
 10201 | D:9      | Noticed a skeletal warrior
 10213 | D:9      | Found a large runed translucent door.
 10213 | D:9      | Found a large runed translucent door.
 10346 | D:9      | Reached skill level 11 in Dodging
 10528 | D:9      | Reached skill level 15 in Polearms
 10645 | D:9      | Found a staircase to the Lair.
 10781 | D:9      | Found a runed translucent door.
 10783 | D:9      | Found a basalt altar of Yredelemnul.
 10846 | D:9      | Reached skill level 8 in Fighting
 11261 | D:9      | Reached XP level 11. HP: 65/87 MP: 11/11
 11388 | D:9      | Reached skill level 12 in Dodging
 11850 | D:9      | Noticed a two-headed ogre
 11854 | D:9      | Killed a two-headed ogre
 11868 | D:9      | Reached skill level 9 in Fighting
 11885 | D:9      | Noticed a cyclops
 11889 | D:9      | Killed a cyclops
 11966 | D:9      | Noticed a centaur warrior
 11970 | D:9      | Reached skill level 16 in Polearms
 11971 | D:9      | Noticed a two-headed ogre
 11979 | D:9      | Killed a centaur warrior
 11988 | D:9      | Reached skill level 13 in Dodging
 11994 | D:9      | Killed a two-headed ogre
 12141 | D:10     | Entered Level 10 of the Dungeon
 12152 | D:10     | Noticed a two-headed ogre
 12161 | D:9      | Reached skill level 10 in Fighting
 12290 | D:10     | Found a flagged portal.
 12296 | D:10     | Identified the +1 halberd "Grim" {freeze, rCorr Dex+3}
 12302 | Bailey   | Entered a bailey
 12464 | Bailey   | Noticed a two-headed ogre
 12579 | Bailey   | Killed a two-headed ogre
 12580 | Bailey   | Reached skill level 14 in Dodging
 12745 | D:10     | Reached XP level 12. HP: 99/99 MP: 12/12
 12820 | D:10     | Noticed a two-headed hydra
 12834 | D:10     | Killed a two-headed hydra
 12835 | D:10     | Reached skill level 11 in Fighting
 12978 | D:10     | You add the spells Dazzling Flash, Volatile Blastmotes and
                  | Vhi's Electric Charge to your library.
 12978 | D:10     | Got Tozxays's More Spellweaving
 13271 | D:10     | Found a bloodstained altar of Trog.
 13278 | D:10     | Found a sparkling altar of Nemelex Xobeh.
 13282 | D:10     | Became a worshipper of Nemelex Xobeh the Trickster
 13323 | D:10     | Found a burning altar of Makhleb.
 13323 | D:10     | Noticed a balrug
 13344 | D:10     | Found an opulent altar of Gozag.
 13415 | Lair:1   | Entered Level 1 of the Lair of Beasts
 13776 | Lair:1   | Reached * piety under Nemelex Xobeh
 13780 | Lair:1   | Received a gift from Nemelex Xobeh
 13831 | Lair:1   | Reached skill level 15 in Dodging
 13888 | Lair:1   | HP: 23/102 [poisoned by a black mamba]
 13893 | Lair:1   | HP: 18/102 [poisoned by a black mamba]
 14244 | Lair:1   | Reached skill level 12 in Fighting
 14865 | Lair:1   | Reached skill level 16 in Dodging
 15300 | Lair:2   | Reached skill level 13 in Fighting
 15542 | Lair:2   | Reached ** piety under Nemelex Xobeh
 15763 | Lair:2   | Noticed an eight-headed hydra
 15994 | D:9      | Killed a boulder beetle
 15995 | D:9      | Reached XP level 13. HP: 78/112 MP: 13/13
 16092 | D:9      | Identified the amulet "Notzev" {Spirit rCorr}
 16258 | Lair:2   | Reached skill level 14 in Fighting
 16272 | Lair:2   | Reached skill level 1 in Armour
 16357 | Lair:2   | Found a staircase to the Snake Pit.
 16825 | Lair:3   | You pick up a book of Callings and begin reading...
 16825 | Lair:3   | You add the spells Summon Small Mammal, Call Canine
                  | Familiar and Summon Guardian Golem to your library.
 16840 | Lair:3   | Reached skill level 2 in Armour
 17055 | Lair:3   | Reached skill level 3 in Armour
 17216 | Lair:3   | You pick up a book of Unlife and begin reading...
 17216 | Lair:3   | You add the spells Animate Dead, Borgnjor's Vile Clutch and
                  | Death Channel to your library.
 17570 | Lair:3   | Reached skill level 4 in Armour
 17573 | Lair:3   | Reached skill level 1 in Invocations
 17603 | Lair:3   | Reached skill level 2 in Invocations
 17699 | Lair:3   | Reached skill level 3 in Invocations
 17761 | Lair:4   | Reached skill level 4 in Invocations
 17820 | Lair:4   | Reached *** piety under Nemelex Xobeh
 17916 | Lair:4   | Received a gift from Nemelex Xobeh
 17936 | Lair:4   | Reached skill level 5 in Invocations
 18088 | Lair:4   | Reached skill level 6 in Invocations
 18146 | Lair:4   | Found a dark tunnel.
 18153 | Volcano  | Entered a volcano
 18307 | Volcano  | Reached skill level 7 in Invocations
 18485 | Lair:4   | Reached skill level 8 in Invocations
 18826 | Lair:5   | Entered Level 5 of the Lair of Beasts
 18880 | Lair:5   | Reached skill level 9 in Invocations
 19171 | Lair:5   | Reached skill level 10 in Invocations
 19171 | Lair:5   | Reached XP level 14. HP: 120/120 MP: 21/21
 19290 | Lair:5   | Reached skill level 11 in Invocations
 19338 | Lair:5   | Reached skill level 12 in Invocations
 19415 | Lair:5   | You pick up a book of the Tundra and begin reading...
 19415 | Lair:5   | You add the spells Hailstorm, Summon Ice Beast and
                  | Simulacrum to your library.
 19593 | Lair:5   | Reached **** piety under Nemelex Xobeh
 19595 | Lair:5   | Found a staircase to the Slime Pits.
 19597 | Lair:5   | Found a viscous altar of Jiyva.
 19631 | Lair:5   | Received a gift from Nemelex Xobeh
 19793 | Lair:5   | Reached skill level 1 in Evocations
 19800 | Lair:5   | Reached skill level 2 in Evocations
 19827 | Lair:5   | Reached skill level 3 in Evocations
 20044 | Lair:5   | Reached skill level 4 in Evocations
 20215 | Lair:5   | Identified the +3 falchion of Yzeth {pain, Fragile rN++
                  | Will+}
 20232 | Lair:5   | You pick up a book of Fire and begin reading...
 20232 | Lair:5   | You add the spells Foxfire, Plasma Beam and Starburst to
                  | your library.
 20424 | Lair:3   | Reached skill level 5 in Evocations
 20443 | Lair:3   | Found a staircase to the Shoals.
 20932 | D:11     | Received a gift from Nemelex Xobeh
 21114 | D:11     | Reached skill level 6 in Evocations
 21228 | D:11     | Found a staircase to the Orcish Mines.
 21756 | D:11     | You fall into a shaft and drop 2 floors!
 21843 | D:12     | Received a gift from Nemelex Xobeh
 21886 | D:12     | Found a flickering gateway to a bazaar.
 21899 | Bazaar   | Entered a bazaar
 21940 | Bazaar   | Found Nuyhea's Weapon Emporium.
 21940 | Bazaar   | Found Puqianei's Assorted Antiques.
 21945 | Bazaar   | Bought a scroll labelled NORAAM XOIGG for 19 gold pieces
 21945 | Bazaar   | Bought a lumpy pink potion for 17 gold pieces
 21975 | Bazaar   | Found Fiopp's Antique Weapon Emporium.
 21975 | Bazaar   | Found Coritou's Antique Weapon Shoppe.
 22045 | Bazaar   | Bought a scorched broad axe for 162 gold pieces
 22045 | Bazaar   | Identified the +8 broad axe of Hepliaklqana, Loving {drain,
                  | rF+ rN+} (You bought it in a shop in a bazaar)
 22147 | D:12     | Reached skill level 5 in Armour
 22152 | D:12     | Reached skill level 1 in Axes
 22161 | D:12     | Reached ***** piety under Nemelex Xobeh
 22451 | D:12     | Found Umuegeaf's Overcharged Wands.
 22485 | Orc:1    | Entered Level 1 of the Orcish Mines
 22659 | Orc:2    | Entered Level 2 of the Orcish Mines
 22659 | Orc:2    | Noticed a stone giant
 22684 | Orc:1    | Killed a stone giant
 22685 | Orc:1    | Reached skill level 2 in Axes
 22814 | Orc:2    | Found Yryt Jau's Antique Armour Boutique.
 22917 | Orc:1    | Reached skill level 3 in Axes
 23110 | Orc:2    | Reached skill level 4 in Axes
 23122 | Orc:2    | Received a gift from Nemelex Xobeh
 23279 | Orc:2    | Found Wemusub's Antique Weapon Emporium.
 23302 | Orc:2    | Reached XP level 15. HP: 126/126 MP: 24/24
 23351 | Orc:2    | Reached skill level 5 in Axes
 23470 | Orc:2    | Found Bixt's Jewellery Emporium.
 23575 | Orc:2    | Found a staircase to the Elven Halls.
 23863 | Orc:2    | Found Ulaememoe's General Store.
 23871 | Orc:2    | Bought a potion of heal wounds for 70 gold pieces
 23871 | Orc:2    | Bought a potion of heal wounds for 70 gold pieces
 23871 | Orc:2    | Bought a scroll of revelation for 105 gold pieces
 23871 | Orc:2    | Bought a scroll of fog for 56 gold pieces
 23935 | Orc:2    | Reached skill level 6 in Axes
 24143 | Orc:1    | Received a gift from Nemelex Xobeh
 24330 | Orc:1    | Found a runed translucent door.
 24410 | Orc:1    | Noticed Cinolulu's ghost (journeyman DEIE)
 24877 | D:13     | Received a gift from Nemelex Xobeh
 24963 | D:13     | Reached skill level 7 in Axes
 25287 | D:14     | You add the spells Blink and Manifold Assault to your
                  | library.
 25465 | D:14     | Reached skill level 8 in Axes
 25945 | D:14     | Noticed Nessos
 26051 | D:14     | Reached skill level 9 in Axes
 26725 | D:14     | Received a gift from Nemelex Xobeh
 26812 | D:14     | Found a gate to the Vaults.
 26902 | D:14     | Killed Nessos
 27236 | D:14     | Reached skill level 10 in Axes
 27277 | D:15     | Entered Level 15 of the Dungeon
 27322 | D:15     | Noticed Roxanne
 27322 | D:15     | Received a gift from Nemelex Xobeh
 27572 | D:15     | Found Ysoextug's CLEARANCE SALE!.
 27655 | D:15     | Noticed Rupert
 27662 | D:15     | Killed Rupert
 27663 | D:15     | Reached XP level 16. HP: 133/133 MP: 25/25
 27741 | D:15     | Reached ****** piety under Nemelex Xobeh
 27741 | D:15     | Received a gift from Nemelex Xobeh
 27815 | D:15     | Noticed Jorgrun
 28086 | Snake:1  | Entered Level 1 of the Snake Pit
 28116 | Lair:2   | Upgraded the game from 0.31-a0-596-g831eee08f1 to
                  | 0.31-a0-604-g8e0283293c
 28116 | Lair:2   | magus.rc [v1.9.6]
 28175 | Snake:1  | Noticed Nikola
 28421 | Shoals:1 | Entered Level 1 of the Shoals
 28490 | Shoals:1 | Reached skill level 1 in Shields
 28532 | Shoals:1 | Found a runed translucent gate.
 28532 | Shoals:1 | Found a runed translucent gate.
 28533 | Shoals:1 | Found a runed translucent gate.
 28535 | Shoals:1 | Noticed Yjinump's ghost (journeyman MfMo)
 28586 | Shoals:1 | Reached skill level 2 in Shields
 28612 | Shoals:1 | Found Ribbog's Gadget Gallery.
 28632 | Shoals:1 | Bought a condenser vane for 480 gold pieces
 28632 | Shoals:1 | Bought a phantom mirror for 480 gold pieces
 28636 | Shoals:1 | Received a gift from Nemelex Xobeh
 28647 | Shoals:1 | Reached skill level 3 in Shields
 28896 | Shoals:1 | Noticed a kraken
 28924 | Shoals:1 | Killed a kraken
 28925 | Shoals:1 | Reached skill level 4 in Shields
 28960 | Shoals:1 | Reached skill level 5 in Shields
 29138 | Shoals:1 | Noticed Josephine
 29254 | Shoals:1 | Killed Josephine
 29636 | Shoals:1 | Gained mutation: You are agile. (Dex +4, Str/Int -1)
                  | [potion of mutation]
 29636 | Shoals:1 | Gained mutation: You have a pair of small antennae on your
                  | head. [potion of mutation]
 29636 | Shoals:1 | Lost mutation: You have a pair of small antennae on your
                  | head. [potion of mutation]
 29672 | Shoals:2 | Reached skill level 6 in Shields
 29696 | Shoals:2 | Received a gift from Nemelex Xobeh
 29881 | Shoals:2 | Reached skill level 7 in Shields
 29897 | Shoals:2 | Noticed Ilsuiw
 29906 | Shoals:2 | Killed Ilsuiw
 29924 | Shoals:2 | Reached skill level 8 in Shields
 30087 | Shoals:2 | Received a gift from Nemelex Xobeh
 30402 | Shoals:3 | Reached skill level 9 in Shields
 30657 | Shoals:3 | Noticed Mara
 30925 | Shoals:3 | Reached skill level 10 in Shields
 31000 | Shoals:3 | Received a gift from Nemelex Xobeh
 31071 | Shoals:3 | Reached skill level 11 in Axes
 31230 | Shoals:3 | You pick up a book of Flames and begin reading...
 31230 | Shoals:3 | You add the spells Inner Flame, Sticky Flame and Flame Wave
                  | to your library.
 31913 | Shoals:3 | Reached XP level 17. HP: 106/139 MP: 23/26
 32173 | Shoals:4 | Entered Level 4 of the Shoals
 32348 | Shoals:4 | Reached skill level 12 in Axes
 32485 | Shoals:4 | Noticed Mlioglotl
 32496 | Shoals:4 | Noticed a tentacled starspawn
 32505 | Shoals:4 | Killed Mlioglotl
 32710 | Shoals:4 | Found a white marble altar of Elyvilon.
 32762 | Shoals:4 | You add the spells Malign Gateway and Summon Horrible
                  | Things to your library.
 32950 | Shoals:4 | Reached skill level 13 in Axes
 33105 | Shoals:4 | You pick up a book of Scorching and begin reading...
 33105 | Shoals:4 | You add the spells Scorch and Summon Cactus Giant to your
                  | library.
 33261 | Shoals:4 | Got a barnacled rune of Zot
 33847 | Shoals:4 | Noticed a kraken
 33858 | Shoals:4 | Killed a kraken
 33936 | Shoals:3 | Noticed MackTheKnife's illusion
 33947 | Shoals:3 | MackTheKnife's illusion changed into MackTheKnife the
                  | alligator snapping turtle
 33965 | Shoals:3 | Noticed MackTheKnife's illusion
 34426 | Lair:3   | Reached skill level 14 in Axes
 34539 | Lair:3   | magus.rc [v1.9.6]
 34596 | Snake:1  | Received a gift from Nemelex Xobeh
 34681 | Snake:1  | Killed Nikola
 35056 | Snake:1  | Received a gift from Nemelex Xobeh
 35554 | Snake:2  | Reached skill level 15 in Axes
 35609 | Snake:2  | Reached XP level 18. HP: 64/146 MP: 13/27
 36242 | Snake:2  | Found Zablyqej's Jewellery Shoppe.
 36351 | Snake:2  | Received a gift from Nemelex Xobeh
 36480 | Snake:3  | Noticed Aizul
 36481 | Snake:3  | Aizul changed into Aizul the storm dragon
 36481 | Snake:3  | Noticed Aizul
 36492 | Snake:3  | Killed Aizul the storm dragon
 36750 | Snake:3  | Received a gift from Nemelex Xobeh
 36890 | Snake:3  | You add the spells Summon Forest, Eringya's Noxious Bog and
                  | Summon Hydra to your library.
 36912 | Snake:3  | Found a transporter.
 36925 | Snake:3  | Found a transporter.
 37234 | Snake:3  | Reached skill level 16 in Axes
 37358 | Snake:3  | Received a gift from Nemelex Xobeh
 37584 | Snake:4  | Entered Level 4 of the Snake Pit
 37746 | Snake:4  | Received a gift from Nemelex Xobeh
 38154 | Snake:4  | Identified the ring "Fyofuij" {rPois Will- Str+2 Dex+3}
 38407 | Snake:4  | Noticed a quicksilver dragon
 38418 | Snake:4  | Killed a quicksilver dragon
 38752 | Snake:4  | Got a serpentine rune of Zot
 38799 | Snake:4  | Reached skill level 17 in Dodging
 38874 | Snake:4  | You pick up a book of the Spheres and begin reading...
 38874 | Snake:4  | You add the spells Iskenderun's Battlesphere, Fireball,
                  | Conjure Ball Lightning and Orb of Destruction to your
                  | library.
 38906 | Snake:4  | Reached XP level 19. HP: 154/154 MP: 28/28
 38925 | Snake:4  | Received a gift from Nemelex Xobeh
 39354 | Vaults:1 | Entered Level 1 of the Vaults
 39527 | Vaults:1 | Reached skill level 15 in Fighting
 39811 | Vaults:1 | Received a gift from Nemelex Xobeh
 40354 | Vaults:1 | Found Fuanahut's Book Emporium.
 40460 | Vaults:1 | Reached skill level 18 in Dodging
 40577 | Vaults:1 | Received a gift from Nemelex Xobeh
 40885 | Vaults:2 | Reached skill level 16 in Fighting
 40943 | Vaults:2 | You pick up a book of the Wilderness and begin reading...
 41144 | Vaults:2 | Paralysed by a great orb of eyes for 2 turns
 41221 | Vaults:2 | Received a gift from Nemelex Xobeh
 41225 | Vaults:2 | Found a staircase to the Crypt.
 41315 | Vaults:2 | You pick up a book of Fire and begin reading...
 41341 | Vaults:2 | Paralysed by a formless jellyfish for 1 turns
 41348 | Vaults:2 | Reached skill level 19 in Dodging
 41725 | Vaults:2 | Received a gift from Nemelex Xobeh
 41790 | Vaults:2 | Found Siakku's Weapon Emporium.
 42082 | Vaults:3 | Reached skill level 20 in Dodging
 42395 | Vaults:3 | Identified the +0 dagger "Cuxkobbozu" {freeze, rPois Dex+2
                  | Stlth-}
 42568 | Vaults:3 | Reached skill level 6 in Armour
 42980 | Vaults:3 | You fall into a shaft and drop 1 floor!
 43020 | Vaults:4 | Received a gift from Nemelex Xobeh
 43033 | Vaults:4 | Found Buliakyu's Assorted Antiques.
 43041 | Vaults:4 | Bought a scroll of enchant armour for 255 gold pieces
 43041 | Vaults:4 | Bought a distressingly furry chain mail for 323 gold pieces
 43041 | Vaults:4 | Identified the +1 chain mail of Daffodils {Slay+5} (You
                  | bought it in a shop on level 4 of the Vaults)
 43091 | Vaults:4 | Reached XP level 20. HP: 115/164 MP: 21/29
 43208 | Vaults:3 | Reached skill level 7 in Armour
 43276 | Vaults:3 | Paralysed by a sphinx for 5 turns
 43524 | Vaults:3 | Reached skill level 8 in Armour
 43755 | Vaults:3 | Received a gift from Nemelex Xobeh
 44467 | Vaults:4 | Reached skill level 11 in Shields
 44684 | Vaults:4 | You pick up a book of Sloth and begin reading...
 44684 | Vaults:4 | You add the spells Frozen Ramparts and Metabolic
                  | Englaciation to your library.
 44858 | Vaults:4 | Reached skill level 12 in Shields
 44868 | Vaults:4 | Received a gift from Nemelex Xobeh
 45415 | Vaults:4 | Reached skill level 17 in Fighting
 45460 | Vaults:4 | You add the spells Haunt, Borgnjor's Revivification and
                  | Death's Door to your library.
 45464 | Vaults:4 | Received a gift from Nemelex Xobeh
 46240 | Vaults:4 | Reached skill level 18 in Fighting
 46472 | D:15     | Found a staircase to the Depths.
 46556 | D:15     | Killed Jorgrun
 46679 | D:15     | You add the spells Gell's Gravitas, Teleport Other and
                  | Dispersal to your library.
 46717 | D:15     | You pick up a book of Ice and begin reading...
 46717 | D:15     | You add the spells Ozocubu's Refrigeration and Polar Vortex
                  | to your library.
 46719 | D:15     | Noticed Louise
 46735 | D:15     | Killed Louise
 46745 | D:15     | You pick up a book of Armaments and begin reading...
 46745 | D:15     | You add the spells Stone Arrow, Animate Armour and
                  | Lehudib's Crystal Spear to your library.
 47042 | D:15     | Killed Roxanne
 47119 | Depths:1 | Entered Level 1 of the Depths
 47158 | Depths:1 | Reached XP level 21. HP: 166/177 MP: 27/30
 47188 | Depths:1 | magus.rc [v1.9.6]
 47236 | Depths:1 | Found a gateway to Hell.
 47239 | Depths:1 | Reached skill level 13 in Invocations
 47260 | Depths:1 | Found Udodoech's Antique Weapon Emporium.
 47397 | Depths:1 | Noticed Norris
 47412 | Depths:1 | Killed Norris
 47509 | Depths:1 | HP: 34/177 [hell knight/+5 heavy battleaxe (27)]
 47522 | Depths:1 | Received a gift from Nemelex Xobeh
 48000 | Depths:1 | Found a one-way gate to the infinite horrors of the Abyss.
 48092 | Depths:1 | Found Kuezump's Book Boutique.
 48093 | Depths:1 | Found Duegh's Jewellery Shoppe.
 48094 | Depths:1 | Found Ixiawnew's Book Boutique.
 48171 | Depths:1 | Found a hazy altar of Hepliaklqana.
 48276 | Depths:1 | Reached skill level 14 in Invocations
 48938 | Depths:2 | Reached skill level 15 in Invocations
 48950 | Depths:2 | Identified the +2 trident "Wiepibb" {venom, rElec rN+
                  | Str+2}
 49445 | Depths:2 | Identified the ring "Dinab" {Fly Int+6 Dex+2}
 49491 | Depths:2 | Found a one-way gateway to a ziggurat.
 49582 | Depths:2 | Reached skill level 16 in Invocations
 49866 | Depths:2 | Noticed a golden dragon
 50011 | Depths:2 | Killed a golden dragon
 50058 | Depths:2 | Got the Compilation of Attendants and Fumes
 50107 | Depths:2 | Found a one-way gate leading to the halls of Pandemonium.
 50518 | Depths:2 | Reached skill level 17 in Invocations
 50545 | Depths:2 | Noticed Saint Roka
 50587 | Depths:2 | Killed Saint Roka
 51185 | Depths:3 | Received a gift from Nemelex Xobeh
 51188 | Depths:3 | Paralysed by a vampire knight for 4 turns
 51619 | Depths:2 | Reached skill level 18 in Invocations
 51630 | Depths:2 | Reached XP level 22. HP: 122/184 MP: 26/35
 51788 | Depths:3 | Found the +5 glaive of the Guard {elec, spectral, AC+5}
 51839 | Depths:3 | You pick up a book of Lightning and begin reading...
 52038 | Depths:3 | You fall into a shaft and drop 1 floor!
 52038 | Depths:4 | Entered Level 4 of the Depths
 52473 | Depths:3 | HP: 46/184 [something (23)]
 52861 | Depths:3 | Reached skill level 19 in Invocations
 52879 | Depths:3 | Received a gift from Nemelex Xobeh
 53070 | Depths:3 | Found an ancient bone altar of Kikubaaqudgha.
 53222 | Depths:3 | Received a gift from Nemelex Xobeh
 53801 | Depths:4 | +0 shadow dragon scales {rare}; a shadow dragon corpse
 53801 | Depths:4 | Q - +0 shadow dragon scales {rare}
 53850 | Depths:4 | HP: 43/179 [poisoned by a death drake (dark miasma)]
 53852 | Depths:4 | HP: 19/179 [white draconian stormcaller (31)]
 54167 | Depths:4 | Reached skill level 20 in Invocations
 54215 | Depths:4 | Found a gate to the Realm of Zot.
 55178 | Vaults:5 | Entered Level 5 of the Vaults
 55327 | Vaults:5 | Found Qoison's General Store.
 55365 | Vaults:5 | HP: 42/186 [tengu reaver/bolt of cold (25)]
 55366 | Vaults:5 | HP: 13/186 [titan/bolt of lightning (49)]
 55494 | Vaults:5 | Reached skill level 19 in Fighting
 55536 | Vaults:5 | Identified the +1 leather armour of the Marlin {rF+ Dex+4}
 55921 | Vaults:5 | Reached skill level 20 in Fighting
 56116 | Vaults:5 | Reached XP level 23. HP: 196/196 MP: 37/37
 56125 | Vaults:5 | Found Niopimuc's Antique Weapon Boutique.
 56125 | Vaults:5 | Noticed a dread lich
 56126 | Vaults:5 | Received a gift from Nemelex Xobeh
 56126 | Vaults:5 | HP: 41/196 [titan/the air (13)]
 56127 | Vaults:5 | A deep elf high priest is wearing a +0 scale mail of poison
                  | resistance. An orc knight is wielding a +2 dire flail and
                  | carrying a wand of polymorph. An orc is wielding the +8
                  | autumn katana {manifold assault}. The tengu reaver is
                  | wielding a +2 heavy war axe.
 56131 | Vaults:5 | HP: 31/196 [poison (dark miasma)]
 56329 | Vaults:5 | +0 shadow dragon scales {rare}; a shadow dragon corpse
 56371 | Vaults:5 | +0 shadow dragon scales {rare}; a shadow dragon corpse
 56415 | Vaults:5 | Reached skill level 13 in Shields
 56418 | Vaults:5 | +0 shadow dragon scales {rare}; a shadow dragon corpse
 56809 | Vaults:5 | Found Riufum's Book Boutique.
 56821 | Vaults:5 | Reached skill level 14 in Shields
 56827 | Vaults:5 | Got a silver rune of Zot
 56904 | Vaults:5 | Identified the +1 long sword "Goblinslayer" {flame, Str+5
                  | SInv}
 57244 | Vaults:5 | Identified the +0 trident of the Everdark {venom, Fly rF+}
 57258 | Vaults:5 | Killed a dread lich
 57259 | Vaults:5 | Reached skill level 15 in Shields
 57299 | Vaults:5 | You pick up a book of Chaos and begin reading...
 57299 | Vaults:5 | You add the spells Disjunction and Discord to your library.
 57492 | Vaults:5 | Reached skill level 9 in Armour
 58178 | Vaults:5 | Found Wiasiudgh's Distillery.
 58179 | Vaults:5 | Found Xumesm's Distillery.
 58183 | Vaults:5 | Bought a potion of curing for 48 gold pieces
 58183 | Vaults:5 | Bought a potion of curing for 48 gold pieces
 58183 | Vaults:5 | Bought a potion of heal wounds for 80 gold pieces
 58187 | Vaults:5 | Bought a potion of curing for 60 gold pieces
 58187 | Vaults:5 | Bought a potion of might for 80 gold pieces
 58187 | Vaults:5 | Bought a potion of haste for 200 gold pieces
 58187 | Vaults:5 | Bought a potion of cancellation for 160 gold pieces
 58187 | Vaults:5 | Bought a potion of enlightenment for 100 gold pieces
 58275 | Vaults:5 | You pick up a book of Cantrips and begin reading...
 58275 | Vaults:5 | You add the spells Necrotise and Apportation to your
                  | library.
 58417 | Vaults:5 | magus.rc [v1.9.6]
 58604 | Elf:1    | Entered Level 1 of the Elven Halls
 58756 | Elf:1    | Received a gift from Nemelex Xobeh
 58776 | Elf:1    | Reached skill level 10 in Armour
 58810 | Elf:1    | Reached skill level 4 in Stealth
 58854 | Elf:1    | Reached skill level 5 in Stealth
 58954 | Elf:1    | Got Igicvaal's Excursus on Conjury
 59218 | Elf:1    | Received a gift from Nemelex Xobeh
 59268 | Elf:1    | Reached skill level 6 in Stealth
 59277 | Elf:1    | Identified the +9 broad axe of Biecyim {antimagic, rF+ rN+
                  | Stlth-}
 59464 | Elf:1    | Reached XP level 24. HP: 194/204 MP: 12/37
 59677 | Elf:1    | Reached skill level 7 in Stealth
 60103 | Elf:2    | Received a gift from Nemelex Xobeh
 60239 | Elf:2    | Reached skill level 8 in Stealth
 60245 | Elf:2    | Found a runed translucent gate.
 60287 | Elf:2    | Found a runed translucent gate.
 60287 | Elf:2    | Found a runed translucent gate.
 60468 | Elf:2    | Reached skill level 9 in Stealth
 60537 | Elf:2    | Got the Compendium of Assembling
 60566 | Elf:2    | You drop +0 shadow dragon scales {rare}.
 60955 | Elf:3    | Entered Level 3 of the Elven Halls
 60956 | Elf:3    | Received a gift from Nemelex Xobeh
 61006 | Elf:3    | Found a magical portal.
 61015 | WizLab   | Entered Borgnjor's Mausoleum
 61051 | WizLab   | Reached skill level 10 in Stealth
 61456 | WizLab   | Reached skill level 21 in Invocations
 61790 | WizLab   | Q - a +1 triple sword of pain {longrare=g}
 61805 | WizLab   | You drop a +1 triple sword of pain {longrare=g}.
 61945 | Elf:3    | Found Ucith's Armour Emporium.
 61949 | Elf:3    | Found Veymyhah's Weapon Shoppe.
 61950 | Elf:3    | Found Nuel's Book Emporium.
 61957 | Elf:3    | Bought the +0 cloak "Ysehoc" {Rampage rPois Str+4 Int-3}
                  | for 284 gold pieces
 61985 | Elf:3    | Identified the +2 executioner's axe "Neox" {pain, rF-
                  | Will++ MP+9}
 62227 | Elf:3    | Received a gift from Nemelex Xobeh
 62736 | Elf:3    | Identified the +7 rapier "Necheu" {holy, Fragile rC+++
                  | rCorr SInv}
 62833 | Elf:3    | Reached skill level 22 in Invocations
 63155 | Elf:3    | Identified the +5 glaive of the Disbelieving Gods {protect,
                  | rN++}
 63694 | Elf:3    | Identified the +9 whip of Mandamus {heavy, rElec Str+5}
 63713 | Elf:3    | Identified the ring "Raic" {Will+ rCorr Dex+6 SInv}
 63772 | Elf:3    | Found the +3 hat of Pondering {ponderous, Will+ MP+10
                  | Int+5}
 63773 | Elf:3    | Found the +27 heavy crossbow "Sniper" {heavy, Acc+∞ SInv}
 63782 | Elf:3    | Identified the staff "Boloob" {rC+ rN+ Ice}
 63789 | Elf:3    | You pick up a book of Debilitation and begin reading...
 63789 | Elf:3    | You add the spells Slow, Vampiric Draining and Confusing
                  | Touch to your library.
 63793 | Elf:3    | You pick up a book of the Tundra and begin reading...
 63805 | Elf:3    | You pick up a book of Debilitation and begin reading...
 63810 | Elf:3    | You pick up a book of the Moon and begin reading...
 63810 | Elf:3    | You add the spells Passage of Golubria and Silence to your
                  | library.
 63814 | Elf:3    | Identified the +1 chain mail of Ubonasu {rElec}
 64626 | Zot:1    | Entered Level 1 of the Realm of Zot
 64626 | Zot:1    | Received a gift from Nemelex Xobeh
 64704 | Zot:1    | Noticed a curse toe
 64989 | Zot:1    | Identified the +1 cloak "Zauddof" {Will+}
 65033 | Zot:1    | Reached skill level 23 in Invocations
 65302 | Zot:1    | Killed a curse toe
 65433 | Zot:1    | Reached XP level 25. HP: 210/210 MP: 38/38
 65472 | Zot:1    | Received a gift from Nemelex Xobeh
 66039 | Zot:4    | Identified +0 gold dragon scales
 66041 | Zot:4    | +0 gold dragon scales {rare}; a golden dragon corpse
 66042 | Zot:4    | Q - +0 gold dragon scales {rare}
 66107 | Depths:4 | You finish putting on your +0 gold dragon scales {rare}.
 66112 | Depths:4 | You finish taking off your +0 gold dragon scales {rare}.
 66146 | Zot:1    | You drop +0 gold dragon scales {rare}.
 66191 | Zot:4    | Received a gift from Nemelex Xobeh
 66209 | Zot:4    | Identified +0 gold dragon scales
 66213 | Zot:4    | +0 storm dragon scales {rare}; a storm dragon corpse
 66215 | Zot:4    | +0 storm dragon scales {rare}; a storm dragon corpse
 66215 | Zot:4    | Q - +0 storm dragon scales {rare}
 66217 | Zot:4    | +0 gold dragon scales {rare}; a golden dragon corpse
 66235 | Zot:4    | Noticed Vv
 66247 | Zot:4    | Killed Vv
 66260 | Zot:4    | +0 storm dragon scales {rare}; a storm dragon corpse
 66262 | Zot:4    | +0 storm dragon scales {rare}; a storm dragon corpse
 66463 | Zot:1    | You finish putting on your +0 storm dragon scales {rare}.
 66472 | Zot:1    | You finish taking off your +0 storm dragon scales {rare}.
 66478 | Zot:1    | the +1 chain mail of Ubonasu {rElec}; +0 gold dragon scales
                  | {rare}
 66478 | Zot:1    | You drop +0 storm dragon scales {rare}.
 66563 | Zot:4    | +0 storm dragon scales {rare}; a storm dragon skeleton
 66579 | Zot:4    | +0 gold dragon scales {rare}; a golden dragon skeleton
 66588 | Zot:5    | Entered Level 5 of the Realm of Zot
 66710 | Zot:5    | Reached skill level 24 in Invocations
 66862 | Zot:5    | Noticed a curse toe
 67332 | Zot:5    | Killed a curse toe
 67587 | Zot:5    | Noticed an electric golem
 68004 | Zot:5    | magus.rc [v1.9.6]
 68037 | Zot:4    | V - +0 gold dragon scales {rare}
 68058 | Zot:5    | You finish putting on your +0 gold dragon scales {rare}.
 68130 | Zot:5    | Noticed a curse toe
 68165 | Zot:5    | Killed a curse toe
 68191 | Zot:5    | Noticed a Killer Klown
 68217 | Zot:5    | Killed a Killer Klown
 68218 | Zot:5    | Reached skill level 7 in Evocations
 68221 | Zot:5    | Noticed a Killer Klown
 68244 | Zot:5    | Killed a Killer Klown
 68566 | Zot:5    | Noticed an orb of fire
 68583 | Zot:5    | Noticed a Killer Klown
 68584 | Zot:5    | Killed an orb of fire
 68585 | Zot:5    | Reached skill level 8 in Evocations
 68589 | Zot:5    | Noticed a dread lich
 68614 | Zot:5    | Killed a dread lich
 68623 | Zot:5    | Killed a Killer Klown
 68624 | Zot:5    | Reached skill level 9 in Evocations
 68824 | Zot:5    | Noticed an orb of fire
 68834 | Zot:5    | Gained mutation: Your spells are a little harder to cast,
                  | but a little more powerful. [an orb of fire]
 68837 | Zot:5    | Gained mutation: Your body sometimes deteriorates upon
                  | taking damage. [an orb of fire]
 68848 | Zot:5    | Killed an orb of fire
 68873 | Zot:5    | Reached skill level 10 in Evocations
 68874 | Zot:5    | +0 storm dragon scales {rare}; a storm dragon corpse
 69208 | Zot:5    | Received a gift from Nemelex Xobeh
 69251 | Zot:5    | Identified +0 gold dragon scales
 69253 | Zot:5    | +0 gold dragon scales {rare}; a golden dragon corpse
 69363 | Zot:5    | your +0 gold dragon scales {rare} glow green for a moment.
 69368 | Zot:5    | Noticed a dread lich
 69419 | Zot:5    | Killed a dread lich
 69420 | Zot:5    | Reached skill level 25 in Invocations
 69444 | Zot:5    | Noticed an ancient lich
 69488 | Zot:5    | Noticed an electric golem
 69501 | Zot:5    | Killed an electric golem
 69748 | Zot:5    | Killed an ancient lich
 70115 | Zot:5    | Got the Orb of Zot
 70170 | Zot:5    | Reached XP level 26. HP: 159/220 MP: 33/39
 70249 | Zot:4    | Reached skill level 21 in Fighting
 70738 | D:$      | Escaped with the Orb!

Vanquished Creatures
  3 dread liches
  2 orbs of fire (Zot:5)
  An ancient lich (Zot:5)
  2 Killer Klowns (Zot:5)
  3 curse toes
  6 golden dragons
  Nikola (Snake:1)
  Norris (Depths:1)
  11 tentacled monstrosities
  An electric golem (Zot:5)
  Jorgrun (D:15)
  Mlioglotl (Shoals:4)
  3 liches
  22 Orb Guardians
  Rupert (D:15)
  2 quicksilver dragons
  2 krakens
  3 deep elf master archers (Elf:3)
  7 titans
  A deep elf blademaster (Elf:3)
  3 sphinxes
  An acid blob (shapeshifter) (Depths:2)
  An ancient champion (WizLab)
  8 death cobs
  6 tengu reavers
  Roxanne (D:15)
  9 shadow dragons
  2 draconian monks (Zot:5)
  10 storm dragons
  3 revenants (WizLab)
  3 nagarajas (Snake:4)
  Ilsuiw (Shoals:2)
  An azure jelly (shapeshifter) (Depths:2)
  2 draconian knights (Zot:5)
  9 vault wardens
  6 fire giants
  9 frost giants
  2 iron dragons (shapeshifter)
  A draconian shifter (Zot:5)
  3 draconian stormcallers
  A draconian scorcher (Zot:5)
  5 deep elf sorcerers (Elf:3)
  Louise (D:15)
  4 deep elf elementalists (Elf:3)
  3 ghost moths
  2 draconian annihilators
  3 orc warlords
  2 spectral caustic shrikes (WizLab)
  4 war gargoyles
  18 ironbound preservers
  11 stone giants
  3 formless jellyfish
  A quicksilver ooze (shapeshifter) (Vaults:5)
  9 ironbound thunderhulks
  3 vampire knights
  Nessos (D:14)
  16 very ugly things
  2 green draconians
  10 deep elf annihilators
  3 black draconians (Zot:5)
  5 deep elf demonologists
  2 halazid warlocks (WizLab)
  16 spark wasps
  A spectral titan (WizLab)
  5 red draconians
  A minotaur (Shoals:4)
  2 yellow draconians (Zot:5)
  4 dire elephants
  7 white draconians
  3 merfolk javelineers
  3 purple draconians
  8 merfolk impalers
  7 deep elf death magi
  16 ettins
  3 eidola
  A crystal guardian (Vaults:4)
  A jiangshi (WizLab)
  13 yaktaur captains
  6 fire dragons
  7 great orbs of eyes
  A quicksilver dragon zombie (WizLab)
  Josephine (Shoals:1)
  8 deep elf high priests
  2 entropy weavers
  6 hydras
  3 rakshasas
  3 merfolk avatars
  An alligator snapping turtle (Shoals:3)
  4 spriggan air magi
  A salamander tyrant (Snake:4)
  2 catoblepae
  14 ironbound frosthearts
  2 ogre magi
  A hell beast (Zot:4)
  8 anacondas
  4 ice dragons
  A peacekeeper (Vaults:4)
  34 vault guards
  4 boulder beetles
  2 merfolk aquamancers (Shoals:3)
  10 death yaks
  2 death knights
  8 two-headed ogres
  4 satyrs
  3 deep troll shamans
  11 centaur warriors
  A demonic crawler (Zot:4)
  13 naga warriors
  2 vampire magi
  24 dancing weapons
  7 deep troll earth magi
  A tengu warrior (D:11)
  6 shock serpents
  3 orc high priests
  A spriggan berserker (Depths:2)
  10 deep elf knights
  20 hell knights
  6 naga sharpshooters
  A fire crab (shapeshifter) (Depths:2)
  A goliath frog (Shoals:4)
  3 salamander mystics
  A death drake (Shoals:4)
  4 skeletal warriors
  A death drake (shapeshifter) (Vaults:5)
  9 skysharks
  3 iron trolls
  A spectral spark wasp (WizLab)
  A quicksilver dragon simulacrum (Depths:2)
  41 deep trolls
  A swamp dragon (Vaults:4)
  6 sea snakes
  2 flayed ghosts (WizLab)
  5 naga ritualists
  A glowing orange brain (shapeshifter) (Vaults:5)
  A glowing orange brain (Depths:4)
  13 deep elf archers
  7 lindwurms
  20 ironbound convokers
  13 harpies
  3 necromancers
  7 wizards
  14 deep elf pyromancers
  14 orc knights
  An oklob plant (Lair:3)
  7 mana vipers
  32 deep elf zephyrmancers
  A faun (shapeshifter) (Depths:2)
  3 orc sorcerers
  19 cyclopes
  A spectral spriggan (WizLab)
  7 phantasmal warriors
  15 salamanders
  17 fauns
  A moth of wrath (shapeshifter) (Depths:2)
  9 elephants
  31 ugly things
  An elephant (shapeshifter) (D:15)
  8 merfolk sirens
  15 manticores
  A guardian serpent (shapeshifter) (Depths:2)
  13 moths of wrath
  2 black mambas (shapeshifter)
  20 vault sentinels
  46 black mambas
  9 water nymphs
  A water nymph (shapeshifter) (Vaults:5)
  15 naga magi
  An orange demon (D:15)
  A torpor snail (Vaults:4)
  13 guardian serpents
  6 cane toads
  A smoke demon (Volcano)
  An unseen horror (D:11)
  2 rime drakes
  6 komodo dragons
  An efreet (D:15)
  A komodo dragon (shapeshifter) (Vaults:5)
  2 kobold demonologists
  A freezing wraith (Vaults:5)
  17 yaktaurs
  4 tengu conjurers
  3 meliai (D:13)
  A red devil (Volcano)
  5 wind drakes
  A queen bee (Shoals:4)
  14 trolls
  Grinder (D:6)
  Prince Ribbit (D:7)
  4 polar bears
  A tarantella (shapeshifter) (Vaults:5)
  17 blink frogs
  27 merfolk
  A spriggan zombie (WizLab)
  16 dream sheep
  9 snapping turtles
  8 flying skulls (WizLab)
  Sigmund (D:3)
  34 slime creatures
  2 culicivoras (Vaults:2)
  A centaur simulacrum (D:14)
  24 water elementals
  5 spriggans (Bailey)
  A shadow (D:7)
  18 humans
  44 yaks
  7 wyverns
  7 wraiths
  Eustachio (D:6)
  4 vampires
  5 basilisks
  4 fire elementals
  A human (shapeshifter) (Elf:1)
  A redback (Vaults:2)
  2 chaos spawn
  4 steam dragons
  13 vampire mosquitoes
  A naga (shapeshifter) (D:15)
  46 nagas
  3 acid dragons
  A warg (Elf:1)
  Edmund (D:5)
  15 water moccasins
  3 hell hounds (Volcano)
  3 ice beasts
  17 orc warriors
  3 sky beasts
  4 black bears
  10 ogres
  A boggart (D:12)
  37 wolves
  A centaur (D:7)
  A lemure (D:4)
  10 bullfrogs
  7 kobold brigands
  3 gnoll sergeants
  2 scorpions
  An earth elemental (Elf:1)
  15 wights
  3 killer bees (D:10)
  8 electric eels
  3 jellies
  3 hounds
  16 orc priests
  2 gnoll boudas (D:5)
  4 iguanas
  32 orc wizards
  2 sleepcaps
  23 gnolls
  4 adders
  2 shadow imps
  7 white imps
  An ufetubus (D:7)
  4 worms
  8 dart slugs
  83 orcs
  6 ball pythons
  7 bats
  9 endoplasms
  4 giant cockroaches
  6 goblins
  8 hobgoblins
  8 jackals (D:3)
  10 kobolds
  6 quokkas
  6 frilled lizards
  A jackal skeleton (D:9)
  8 rats
  2 starspawn tentacles (Shoals:4)
  5 tentacles
1871 creatures vanquished.

Vanquished Creatures (collateral kills)
  A Killer Klown (Zot:5)
  Vv (Zot:4)
  Saint Roka (Depths:2)
  An Orb Guardian (Zot:5)
  A quicksilver dragon (Vaults:5)
  2 ancient champions (WizLab)
  A storm dragon (WizLab)
  A ghost moth (Zot:5)
  A war gargoyle (Vaults:5)
  A black draconian (Zot:5)
  3 halazid warlocks (WizLab)
  A purple draconian (Depths:4)
  An eidolon (WizLab)
  A spark wasp (Depths:2)
  A deep elf death mage (WizLab)
  A fire dragon (Depths:2)
  5 vault guards
  A juggernaut simulacrum (Depths:2)
  A spriggan air mage (Depths:2)
  2 hydras (Lair:5)
  A dancing weapon (Elf:3)
  A deep troll earth mage (Depths:2)
  2 skeletal warriors (WizLab)
  A deep elf archer (Elf:3)
  A flayed ghost (WizLab)
  2 ironbound convokers (Vaults:5)
  A phantasmal warrior (WizLab)
  An orc knight (Vaults:5)
  A mana viper (shapeshifter) (Vaults:5)
  An orc sorcerer (Depths:2)
  A wolf spider zombie (WizLab)
  A moth of wrath (Zot:5)
  2 elephants (Lair:5)
  2 vault sentinels
  2 yaktaurs (Vaults:5)
  A spectral harpy (WizLab)
  A wyvern (shapeshifter) (Vaults:5)
  2 flying skulls (WizLab)
  A water elemental (Shoals:3)
  A human (D:14)
  3 yaks (Lair:5)
  An orc warrior (Vaults:5)
  A wolf (Lair:5)
  2 jellies (Lair:5)
  An orc (Vaults:5)
62 creatures vanquished.

Vanquished Creatures (others)
  3 fire giants
  A deep elf death mage (WizLab)
  A naga warrior (Snake:1)
  A shadow wraith (WizLab)
  A phantasmal warrior (WizLab)
  2 deep elf zephyrmancers (Elf:1)
  A black mamba (Snake:1)
  A naga (Snake:1)
  2 starspawn tentacles (Shoals:4)
  6 tentacles
19 creatures vanquished.

Grand Total: 1952 creatures vanquished

Table legend:
 A = Non-vault XP
 B = Vault XP
 C = Vault XP percentage of total XP
 D = Non-vault monster count
 E = Vault monster count
 F = Vault count percentage of total count
                 A         B        C        D         E       F
            +---------+---------+-------+---------+---------+-------
      Total |  549467 |  557875 |  50.4 |    1221 |     708 |  36.7
            +---------+---------+-------+---------+---------+-------
        D:1 |     102 |      11 |   9.7 |      33 |       6 |  15.4
        D:2 |      83 |       0 |   0.0 |      25 |       0 |   0.0
        D:3 |     183 |     226 |  55.3 |      26 |       1 |   3.7
        D:4 |     279 |       0 |   0.0 |      13 |       0 |   0.0
        D:5 |    1144 |     153 |  11.8 |      39 |       1 |   2.5
        D:6 |     913 |     488 |  34.8 |      20 |       2 |   9.1
        D:7 |     426 |    2095 |  83.1 |      10 |      18 |  64.3
        D:8 |     582 |       0 |   0.0 |      17 |       0 |   0.0
        D:9 |    1923 |    8202 |  81.0 |      13 |      27 |  67.5
       D:10 |    1760 |    1677 |  48.8 |      15 |       6 |  28.6
       D:11 |    3349 |    3493 |  51.1 |      21 |      18 |  46.2
       D:12 |    3426 |     592 |  14.7 |      13 |       2 |  13.3
       D:13 |    6447 |       0 |   0.0 |      27 |       0 |   0.0
       D:14 |   14136 |    9012 |  38.9 |      31 |      26 |  45.6
       D:15 |    5385 |    7959 |  59.6 |      15 |       6 |  28.6
     Lair:1 |    6797 |       0 |   0.0 |      34 |       0 |   0.0
     Lair:2 |    3852 |     476 |  11.0 |      19 |       3 |  13.6
     Lair:3 |    8588 |     579 |   6.3 |      33 |       2 |   5.7
     Lair:4 |    8792 |     918 |   9.5 |      28 |       6 |  17.6
     Lair:5 |   10717 |    8251 |  43.5 |      31 |      16 |  34.0
   Shoals:1 |   10191 |    1934 |  16.0 |      20 |       6 |  23.1
   Shoals:2 |   11928 |    3994 |  25.1 |      28 |       6 |  17.6
   Shoals:3 |   19965 |    3084 |  13.4 |      41 |       7 |  14.6
   Shoals:4 |   16656 |   20570 |  55.3 |      30 |      33 |  52.4
    Snake:1 |   11044 |    6152 |  35.8 |      26 |       9 |  25.7
    Snake:2 |   16265 |       0 |   0.0 |      30 |       0 |   0.0
    Snake:3 |   13905 |    1385 |   9.1 |      33 |       1 |   2.9
    Snake:4 |   30949 |   17458 |  36.1 |      62 |      30 |  32.6
      Orc:1 |    2862 |    1629 |  36.3 |      31 |       2 |   6.1
      Orc:2 |    3858 |    6055 |  61.1 |      33 |      18 |  35.3
      Elf:1 |   19116 |   10057 |  34.5 |      35 |      16 |  31.4
      Elf:2 |   11048 |   10685 |  49.2 |      17 |      14 |  45.2
      Elf:3 |   13464 |   33515 |  71.3 |      24 |      30 |  55.6
   Vaults:1 |    6877 |   18172 |  72.5 |      16 |      23 |  59.0
   Vaults:2 |   24132 |    9705 |  28.7 |      36 |      12 |  25.0
   Vaults:3 |   23555 |   21809 |  48.1 |      33 |      28 |  45.9
   Vaults:4 |   37677 |   23374 |  38.3 |      50 |      33 |  39.8
   Vaults:5 |   46314 |  104883 |  69.4 |      62 |      98 |  61.2
   Depths:1 |   18239 |    8059 |  30.6 |      28 |       7 |  20.0
   Depths:2 |   12057 |   63880 |  84.1 |      15 |      70 |  82.4
   Depths:3 |   18148 |    4651 |  20.4 |      20 |       4 |  16.7
   Depths:4 |   19011 |   16706 |  46.8 |      22 |      15 |  40.5
      Zot:1 |   22201 |       0 |   0.0 |      20 |       0 |   0.0
      Zot:2 |    1952 |       0 |   0.0 |       1 |       0 |   0.0
      Zot:3 |    2017 |       0 |   0.0 |       2 |       0 |   0.0
      Zot:4 |   11835 |    7079 |  37.4 |       7 |       3 |  30.0
      Zot:5 |   45317 |   74543 |  62.2 |      36 |      32 |  47.1
     Bailey |       0 |    2686 | 100.0 |       0 |      12 | 100.0
    Volcano |       0 |    2456 | 100.0 |       0 |       7 | 100.0
     WizLab |       0 |   39222 | 100.0 |       0 |      52 | 100.0
            +---------+---------+-------+---------+---------+-------

Skill      XL: |  1  2  3  4  5  6  7  8  9 10 11 12 13 14 15 16 17 18 19 20 21 22 23 24 25 26 |
---------------+-------------------------------------------------------------------------------+-----
Stealth        | 1 2 3 6 10 | 10.0
Polearms       | 5 6 7 10 12 14 15 16 | 16.0
Dodging        | 5 6 7 9 11 14 16 17 20 | 20.0
Fighting       | 5 8 10 13 14 16 18 20 21 | 21.1
Armour         | 4 5 6 8 10 | 10.0
Invocations    | 10 12 18 20 23 25 | 25.0
Evocations     | 6 10 | 10.0
Axes           | 4 10 11 15 16 | 16.8
Shields        | 10 12 15 | 15.0
Throwing       | |  2.0

Action                     |  1- 3 |  4- 6 |  7- 9 | 10-12 | 13-15 | 16-18 | 19-21 | 22-24 | 25-27 || total
---------------------------+-------+-------+-------+-------+-------+-------+-------+-------+-------++-------
  Melee: Trident           |    95 |   179 |   163 |       |       |       |       |       |       ||   437
         Punch             |       |     1 |     1 |     1 |       |       |       |       |       ||     3
         Unarmed           |       |     5 |     7 |    17 |    11 |       |       |       |       ||    40
         Halberd           |       |       |   203 |   656 |  1395 |    27 |       |       |       ||  2281
         Tailslap          |       |       |       |     1 |    19 |    90 |    17 |     4 |       ||   131
         Broad axe         |       |       |       |       |       |  1249 |  1651 |  1967 |   731 ||  5598
  Throw: Dart              |     2 |     8 |    24 |    38 |    49 |       |       |       |       ||   121
         Throwing net      |       |     2 |     4 |     1 |       |       |       |       |       ||     7
         Javelin           |       |     1 |    17 |     6 |       |       |       |       |       ||    24
 Invoke: Draw Destruction  |       |       |       |       |    16 |    11 |    17 |    16 |    10 ||    70
         Draw Summoning    |       |       |       |       |     3 |     1 |     6 |    22 |     6 ||    38
         Deal Four         |       |       |       |       |       |     5 |       |     7 |       ||    12
         Stack Five        |       |       |       |       |       |     1 |       |       |       ||     1
         Draw Stack        |       |       |       |       |       |     1 |       |       |       ||     1
  Evoke: Wand              |       |       |     8 |     6 |     5 |     4 |       |     9 |    15 ||    47
         Condenser vane    |       |       |       |       |       |     2 |       |     1 |     1 ||     4
         Phantom mirror    |       |       |       |       |       |     2 |       |       |     1 ||     3
    Use: Scroll            |       |     5 |     2 |    10 |    14 |     8 |     4 |    27 |    17 ||    87
         Potion            |       |     1 |     2 |     1 |     2 |     4 |     1 |    23 |    13 ||    47
   Stab: Sleeping          |     5 |     9 |     6 |     8 |    11 |     6 |    21 |    11 |     3 ||    80
         Distracted        |       |     1 |     3 |     2 |    10 |     4 |     3 |    16 |     4 ||    43
         Held in net/web   |       |       |     3 |     3 |       |       |       |       |       ||     6
         Paralysed         |       |       |     2 |     3 |       |       |       |     1 |       ||     6
         Petrified         |       |       |       |       |       |     4 |     6 |    22 |       ||    32
         Petrifying        |       |       |       |       |       |     1 |     1 |     1 |       ||     3
         Confused          |       |       |       |       |       |       |       |     3 |       ||     3
 Armour: Leather armour    |    16 |     8 |       |       |       |       |       |       |       ||    24
         Ring mail         |       |    32 |    47 |    58 |    13 |   211 |   203 |   300 |    82 ||   946
         Skin              |       |     1 |     7 |    18 |    22 |       |       |       |       ||    48
         Scale mail        |       |       |       |       |   165 |     2 |       |       |       ||   167
         Gold dragon scale |       |       |       |       |       |       |       |       |   148 ||   148
  Dodge: Dodged            |    44 |    79 |   154 |   416 |   965 |  1143 |  1049 |  1136 |   275 ||  5261
         Repelled          |       |       |       |     3 |    10 |       |       |       |       ||    13
  Block: Kite shield       |       |       |       |       |       |  1069 |  1051 |  1318 |   503 ||  3941

Illustrated notes

Table legend:
 A = Kills in this place as a percentage of kills in the entire game.
 B = Kills by you in this place as a percentage of kills by you in the entire game.
 C = Kills by friends in this place as a percentage of kills by friends in the entire game.
 D = Other kills in this place as a percentage of other kills in the entire game.
 E = Experience gained in this place as a percentage of experience gained in the entire game.
 F = Experience gained in this place divided by the number of levels of this place that you have seen.
                   A       B       C       D       E      F
               +-------+-------+-------+-------+-------+----------------------
         Total | 100.0 | 100.0 | 100.0 | 100.0 | 100.0 | 21375.0
       Dungeon |  22.4 |  23.3 |   1.6 |   0.0 |   6.9 | 5091.0
          Lair |   8.9 |   8.7 |  16.1 |   0.0 |   4.4 | 9794.0
        Shoals |   8.8 |   9.1 |   1.6 |   9.1 |   7.9 | 22080.5
     Snake Pit |   9.9 |  10.1 |   0.0 |  27.3 |   8.7 | 24289.5
  Orcish Mines |   4.3 |   4.5 |   0.0 |   0.0 |   1.3 | 7202.0
   Elven Halls |   7.0 |   7.1 |   3.2 |  18.2 |   8.8 | 32628.3
        Vaults |  20.2 |  20.0 |  29.0 |   9.1 |  28.5 | 63299.6
        Depths |   9.4 |   9.2 |  12.9 |  18.2 |  14.5 | 40187.8
           Zot |   5.4 |   5.3 |   9.7 |   0.0 |  15.0 | 33356.6
        Bailey |   0.6 |   0.6 |   0.0 |   0.0 |   0.2 | 2686.0
       Volcano |   0.4 |   0.4 |   0.0 |   0.0 |   0.2 | 2456.0
        Wizlab |   2.7 |   1.8 |  25.8 |  18.2 |   3.5 | 39222.0
               +-------+-------+-------+-------+-------+----------------------

Table legend: (Time is in decaauts)
 A = Elapsed time spent in this place.
 B = Non-inter-level travel time spent in this place.
 C = Inter-level travel time spent in this place.
 D = Time resting spent in this place.
 E = Time spent auto-exploring this place.
 F = Levels seen in this place.
 G = Mean time per level.
                   A        B        C        D        E       F      G
               +--------+--------+--------+--------+--------+-----+--------+
         Total |  68083 |  63335 |   4748 |  15902 |  28635 |  52 | 1309.3 |
       Dungeon |  19867 |  17632 |   2235 |   3480 |   8888 |  15 | 1324.5 |
        Temple |      1 |      1 |      0 |      0 |      0 |   1 |    1.0 |
          Lair |   7126 |   6580 |    546 |   1110 |   3580 |   5 | 1425.2 |
        Shoals |   5075 |   4946 |    129 |   1456 |   1765 |   4 | 1268.8 |
     Snake Pit |   4588 |   4345 |    243 |   1122 |   2275 |   4 | 1147.0 |
  Orcish Mines |   1825 |   1695 |    130 |    319 |    873 |   2 |  912.5 |
   Elven Halls |   4829 |   4640 |    189 |    669 |   2637 |   3 | 1609.7 |
        Vaults |  10043 |   9590 |    453 |   2392 |   4614 |   5 | 2008.6 |
        Depths |   7997 |   7536 |    461 |   2862 |   2949 |   4 | 1999.2 |
           Zot |   5091 |   4732 |    359 |   2077 |    756 |   5 | 1018.2 |
        Bazaar |    179 |    179 |      0 |      0 |     82 |   1 |  179.0 |
        Bailey |    412 |    412 |      0 |    104 |    115 |   1 |  412.0 |
       Volcano |    255 |    255 |      0 |      0 |     76 |   1 |  255.0 |
        Wizlab |    789 |    789 |      0 |    307 |     22 |   1 |  789.0 |
               +--------+--------+--------+--------+--------+-----+--------+

Top non-repeatable levels by time:
Depths:2: 3295 daAuts
   Zot:5: 3165 daAuts
Vaults:5: 3042 daAuts
   Elf:3: 2427 daAuts
Depths:4: 2360 daAuts
     D:9: 2321 daAuts
Vaults:4: 2068 daAuts
     D:5: 1941 daAuts
Vaults:3: 1934 daAuts
  Lair:2: 1922 daAuts
     D:1: 1763 daAuts
    D:14: 1723 daAuts
Vaults:2: 1625 daAuts
    D:11: 1557 daAuts
  Lair:1: 1550 daAuts
